 Dungeon Crawl Stone Soup version 0.31-a0-1074-g0b22e4e0f1 (webtiles) character file.

Game seed: 13492757856447128567

149 Curundu the Chopper (level 5, 0/69 HPs)
             Began as a Draconian Berserker on Dec 1, 2023.
             Was a Priest of Trog.
             Slain by a gnoll
             ... wielding a +0 flail
              (3 damage)
             ... on level 3 of the Dungeon.
             The game lasted 00:12:24 (2172 turns).

Curundu the Chopper (Draconian Berserker)           Turns: 2172, Time: 00:12:25

Health: 0/69       AC:  5    Str: 20    XL:     5   Next: 9%
Magic:  5/5        EV: 13    Int:  7    God:    Trog [***...]
Gold:   113        SH:  0    Dex: 12    Spells: 4/4 levels left

rFire   . . .        a - +0 hand axe
rCold   . . .        (no shield)
rNeg    . . .        (body armour unavailable)
rPois   .            (helmet restricted)
rElec   .            (no cloak)
rCorr   .            (no gloves)
SInv    .            (no boots)
Will    .....        b - amulet of the acrobat Stlth
                     (no ring)
HPRegen 0.31/turn    (no ring)
MPRegen 0.09/turn

%: acrobat
@: berserking, very quick
A: AC +5, unfitting armour, cold-blooded
a: Renounce Religion, Berserk, Trog's Hand


You were on level 3 of the Dungeon.
You worshipped Trog.
Trog was most pleased with you.
You visited 1 branch of the dungeon, and saw 3 of its levels.

You collected 113 gold pieces.

Inventory:

Hand Weapons
 a - a +0 hand axe (weapon)
 k - a +0 sling
Missiles
 e - 17 stones
 f - a throwing net
Armour
 j - a +0 pair of gloves
Jewellery
 b - an amulet of the acrobat (around neck)
 c - a ring of resist corrosion
 p - a ring of resist corrosion
Scrolls
 d - a scroll of noise {unknown}
 g - 2 scrolls of amnesia {unknown}
 h - a scroll of poison {unknown}
 l - a scroll of brand weapon {unknown}
 n - a scroll of identify {unknown}
 o - a scroll of revelation {unknown}
 q - a scroll of teleportation {unknown}
Potions
 i - a potion of enlightenment {unknown}
 m - a potion of magic {unknown}
 s - a potion of mutation {unknown}


   Skills:
 + Level 4.2 Fighting
 + Level 4.6 Axes
 + Level 3.4 Dodging
 + Level 0.1 Stealth


You had 4 spell levels left.
You didn't know any spells.
Your spell library was empty.

Dungeon Overview and Level Annotations

Branches:
Dungeon (3/15)

Altars:


Innate Abilities, Weirdness & Mutations

Your plain brown scales are hard. (AC +5)
You cannot fit into any form of body armour.
You are cold-blooded and may be slowed by cold attacks.


Message History

You barely miss the gnoll.
The gnoll is moderately wounded.
The gnoll hits you but does no damage. The gnoll closely misses you.
You barely miss the gnoll.
Your tail-slap misses the gnoll.
Your punch misses the gnoll.
The gnoll is moderately wounded.
The gnoll hits you with a +0 whip. The gnoll closely misses you.
You hit the gnoll.
The gnoll is severely wounded.
The gnoll completely misses you. The gnoll barely misses you.
You hit the gnoll.
You kill the gnoll!
Trog accepts your kill. The gnoll barely misses you.
You hit the gnoll.
The gnoll is heavily wounded.
The gnoll hits you from afar with a +0 spear!
The gnoll misses you.
You hit the gnoll.
The gnoll is heavily wounded.
The gnoll barely misses you. The gnoll hits you with a +0 flail.
You hit the gnoll but do no damage.
The gnoll is heavily wounded.
The gnoll barely misses you. The gnoll hits you with a +0 flail!
* * * LOW HITPOINT WARNING * * *
You completely miss the gnoll.
The gnoll is heavily wounded.
The gnoll hits you from afar with a +0 spear.
* * * LOW HITPOINT WARNING * * *
The gnoll closely misses you.
You hit the gnoll.
The gnoll is severely wounded.
The gnoll hits you from afar with a +0 spear.
* * * LOW HITPOINT WARNING * * *
The gnoll misses you.
It was a potion of berserk rage.
A red film seems to cover your vision as you go berserk!
You feel yourself moving faster!
You feel mighty! The gnoll misses you. The gnoll hits you with a +0 flail.
You die...

##............#
#.............#
#.............#
######.............+
....######........g####
....########'#####....#
........# #.# #....#
........####'#####g...#
................@g....+
..............####....#
..............# #....#
..............# ######
...#####......# †..#
#......# ...# #......#
...#####......#.###
...................


You could see 2 gnolls.

Vanquished Creatures
  Natasha (D:2)
  An iguana (D:3)
  2 gnolls
  2 adders (D:2)
  7 ball pythons
  5 bats
  4 endoplasms
  2 giant cockroaches
  8 hobgoblins
  6 jackals (D:1)
  4 quokkas
  4 frilled lizards
  4 goblins
  5 kobolds
  5 rats
60 creatures vanquished.

Notes
Turn   | Place    | Note
-------+----------+-------------------------------------------
     0 | D:1      | Curundu the Draconian Berserker began the quest for the
                  | Orb.
     0 | D:1      | Reached XP level 1. HP: 19/19 MP: 1/1
   365 | D:1      | Reached XP level 2. HP: 23/26 MP: 2/2
   730 | D:1      | Reached XP level 3. HP: 33/33 MP: 3/3
   786 | D:1      | Reached ** piety under Trog
  1262 | D:2      | Reached XP level 4. HP: 38/40 MP: 4/4
  1263 | D:2      | Noticed Natasha
  1272 | D:2      | Killed Natasha
  1932 | D:3      | Reached *** piety under Trog
  1933 | D:3      | Reached XP level 5. HP: 13/46 MP: 5/5
  2171 | D:3      | HP: 2/46 [gnoll/+0 spear (2)]
  2172 | D:3      | Slain by a gnoll

Illustrated notes

Levels and vault maps discovered:
D:1:      mainiacjoe_arrival_reflecting_pool, layout_basic,
          chequers_serial_rivers_small_a, chequers_serial_rivers_micro_d,
          minmay_split_cup_large
D:2:      layout_loops_ring, uniq_natasha
D:3:      layout_basic, palyth_temple_overflow_mages, kennysheep_small_spiral

Skill      XL: |  1  2  3 |
---------------+----------+-----
Dodging        | 3 |  3.4
Axes           | 4 |  4.6
Fighting       | 4 |  4.2
Stealth        | |  0.1

Action                     |  1- 3 |  4- 6 || total
---------------------------+-------+-------++-------
  Melee: Hand axe          |   122 |    50 ||   172
         Tailslap          |     9 |     3 ||    12
         Unarmed           |       |     3 ||     3
    Use: Potion            |       |     1 ||     1
 Armour: Skin              |    64 |    32 ||    96
  Dodge: Dodged            |   113 |    59 ||   172

Table legend: (Time is in decaauts)
 A = Elapsed time spent in this place.
 B = Non-inter-level travel time spent in this place.
 C = Inter-level travel time spent in this place.
 D = Time resting spent in this place.
 E = Time spent auto-exploring this place.
 F = Levels seen in this place.
 G = Mean time per level.
                   A        B        C        D        E       F      G
               +--------+--------+--------+--------+--------+-----+--------+
         Total |   2195 |   2195 |      0 |    207 |      0 |   3 |  731.7 |
       Dungeon |   2195 |   2195 |      0 |    207 |      0 |   3 |  731.7 |
               +--------+--------+--------+--------+--------+-----+--------+

Top non-repeatable levels by time:
     D:1: 953 daAuts
     D:2: 916 daAuts
     D:3: 325 daAuts
